Map: Dusk Towers

Players

LilDicky

  • Race: Terran Terran
  • League: Diamond

Friend - Winner!

  • Race: Zerg Zerg
  • League: Diamond

VOD

http://www.twitch.tv/tumescentpie

Description

Time

  • Played on: Nov. 30, 2015, 9:12 a.m.
  • Length: 11:43
Show
View Real Time Build Order
Export as new Build Order

LilDicky Terran 

Build Orders: Liberator Opening 

Get SALT Encoding   

  12  0:01  SCV  
  13  0:13  SCV  
  14  0:22  Supply Depot  
  14  0:25  SCV  
  15  0:31  Refinery  
  15  0:44  SCV  
  15  0:47  Barracks  
  16  0:56  SCV  
  17  1:08  SCV  
  18  1:20  SCV  
  20  1:34  Reaper  
  20  1:37  Orbital Command  
  20  1:49  Command Center  
  20  1:58  Refinery  
  20  2:03  Supply Depot  
  20  2:08  Marine  
  21  2:18  SCV  
  22  2:25  Factory  
  22  2:30  SCV  
  22  2:34  Barracks Tech Lab  
  23  2:49  SCV  
  24  3:02  SCV  
  25  3:06  Orbital Command  
  25  3:13  Barracks Reactor, Starport  
  25  3:14  SCV  
  25  3:19  Siege Tank  
  29  3:27  SCV  
  30  3:36  SCV  
  31  3:42  Supply Depot  
  31  3:46  SCV  
  31  3:47  Command Center  
  32  3:55  Liberator  
  32  3:59  SCV  
  33  4:13  Marine x2  
  33  4:14  Siege Tank  
  33  4:15  SCV x2  
  43  4:19  Refinery  
  43  4:20  Refinery  
  43  4:27  SCV  
  43  4:31  Marine x2  
  46  4:46  Siege Tank  
  48  4:55  SCV  
  48  4:56  SCV  
  50  5:03  Orbital Command  
  50  5:14  Liberator x2  
  50  5:15  SCV x2  
  50  5:17  Barracks Reactor, Barracks  
  50  5:18  Engineering Bay  
  50  5:19  Barracks  
  50  5:20  Engineering Bay  
  52  5:27  SCV  
  52  5:28  SCV  
  54  5:31  Orbital Command  
  60  5:41  SCV  
  61  5:53  SCV  
  62  5:59  SCV x2  
  64  6:05  SCV  
  65  6:38  SCV x2  
  65  6:39  SCV  
  68  6:48  Barracks Tech Lab x2  
  68  6:50  SCV  
  68  6:51  Supply Depot  
  68  6:53  Supply Depot  
  69  6:56  Liberator  
  69  6:57  Liberator  
  69  6:58  Refinery  
  69  7:04  Refinery  
  69  7:09  Terran Infantry Weapons Level 1, Terran Infantry Armor Level 1  
  69  7:11  Sensor Tower  
  69  7:13  SCV x2, Siege Tank  
  69  7:14  Barracks  
  69  7:15  SCV, Barracks  
  81  7:16  Supply Depot  
  81  7:17  Barracks  
  81  7:18  Command Center  
  81  7:19  Supply Depot  
  81  7:21  Supply Depot  
  81  7:25  SCV x2  
  81  7:27  SCV  
  84  7:30  Marine  
  84  7:32  Combat Shields, Stimpack  
  85  7:40  SCV x3, Marine x3  
  85  7:41  Starport  
  85  7:42  Missile Turret x2  
  85  7:43  Missile Turret x3  
  91  7:48  Marine  
  91  7:50  Missile Turret x3  
  92  7:58  Marine x3  
  95  7:59  SCV  
  95  8:00  SCV  
  95  8:02  Marine x2  
  99  8:06  Marine  
  100  8:12  Barracks Reactor  
  100  8:16  Marine  
  101  8:20  Armory, Missile Turret  
  101  8:21  Missile Turret  
  101  8:24  Missile Turret  
  101  8:26  Missile Turret  
  101  8:29  Marine  
  101  8:30  SCV x3, Siege Tank, Marine x2  
  101  8:31  Marine x2  
  111  8:40  Orbital Command  
  102  9:55  Marine  
  102  9:56  Marine x7  
  102  9:58  Siege Tank  
  113  10:01  Starport Reactor  
  113  10:08  Command Center  
  113  10:13  Marine  
  113  10:14  Command Center, Marauder x2, Marine x3  
  111  10:22  Marine x2  
  113  10:30  Siege Tank  
  113  10:32  Concussive Shells  
  113  10:33  Marine x2  
  118  10:36  Marauder x2  
  118  10:37  Factory  
  118  10:39  Factory  
  122  10:47  SCV x2  
  124  10:58  SCV x2  
  124  10:59  SCV, Marauder x2  
  124  11:02  Supply Depot  
  124  11:03  Supply Depot  
  131  11:04  Supply Depot  
  131  11:05  SCV  
  131  11:11  SCV  
Show
View Real Time Build Order
Export as new Build Order

Friend Zerg - Winner!

Build Orders: Hatch First, Lurkers 

Get SALT Encoding   

  12  0:01  Drone  
  13  0:13  Overlord  
  13  0:18  Drone  
  14  0:31  Drone x2  
  16  0:53  Hatchery  
  16  0:57  Drone x2  
  17  1:12  Spawning Pool  
  17  1:15  Drone  
  17  1:18  Extractor  
  16  1:20  Drone  
  17  1:26  Drone  
  18  1:33  Drone  
  19  1:40  Overlord  
  19  1:51  Drone  
  20  1:59  Queen  
  22  2:05  Queen  
  22  2:06  Zergling x4  
  26  2:13  Drone  
  27  2:20  Drone  
  28  2:27  Drone  
  28  2:28  Drone  
  30  2:41  Queen  
  32  2:54  Drone x3  
  32  2:55  Drone  
  36  3:09  Lair  
  36  3:11  Roach Warren  
  35  3:20  Drone  
  36  3:40  Overlord x4  
  36  3:43  Spore Crawler  
  36  3:45  Extractor  
  36  3:46  Extractor  
  36  3:47  Extractor  
  32  3:50  Spore Crawler  
  31  4:15  Drone x5  
  31  4:16  Drone x6  
  42  4:41  Hatchery  
  41  4:51  Roach  
  41  4:52  Roach x6  
  57  4:53  Roach x2  
  59  5:00  Glial Reconstitution  
  59  5:05  Drone x2  
  59  5:06  Hydralisk Den  
  60  5:13  Drone  
  60  5:14  Drone x3  
  64  5:25  Drone x4  
  68  5:33  Overseer  
  68  5:34  Pneumatized Carapace  
  68  5:37  Muscular Augments  
  68  5:56  Hydralisk x3  
  74  6:07  Overlord x4  
  74  6:36  Hydralisk x11  
  96  6:41  Drone x2  
  96  6:44  Drone x5  
  96  6:45  Drone  
  104  7:00  Overlord x5  
  104  7:13  Lurker Den  
  104  7:19  Evolution Chamber, Drone x3  
  104  7:20  Drone x6  
  112  7:23  Extractor  
  112  7:24  Extractor  
  110  7:38  Drone x3  
  110  7:39  Drone x3  
  116  7:49  Evolution Chamber, Zerg Missile Weapons Level 1  
  115  7:51  Hydralisk  
  115  7:52  Hydralisk x3  
  123  7:59  Hatchery  
  122  8:15  Zerg Ground Armor Level 1  
  122  8:16  Roach x4  
  122  8:17  Hydralisk, Roach x3  
  138  8:21  Overlord x3  
  138  8:22  Overlord  
  138  8:54  Hydralisk  
  138  8:55  Hydralisk x12  
  164  9:04  Extractor  
  164  9:08  Extractor  
  162  9:14  Hydralisk  
  162  9:15  Hydralisk x6  
  176  9:31  Queen  
  154  9:46  Hydralisk  
  154  9:47  Hydralisk x10  
  176  9:58  Overlord x3  
  176  9:59  Overlord  
  163  10:28  Lurker x3  
  163  10:29  Lurker x3  
  166  11:00  Hydralisk  
  166  11:01  Hydralisk x10  
  166  11:03  Overlord x4  
  166  11:04  Overlord x2  
Tags
 
Add a new tag
Caveats
  • Supply blocks, unpowered buildings, or Contaminate may cause inaccurate times.
  • Supply counts are checked every 10 seconds.